 Dungeon Crawl Stone Soup version 0.29-a0-234-g0dae59b3db (webtiles) character file.

Game seed: 10282794350884653693

340 GabrielManson the Sneak (level 6, -1/42 HPs)
             Began as an Octopode Delver on Mar 2, 2022.
             Slain by an orc wizard
             ... wielding a +0 dagger
              (2 damage)
             ... on level 3 of the Dungeon.
             The game lasted 00:12:24 (3907 turns).

GabrielManson the Sneak (Octopode Delver)           Turns: 3907, Time: 00:12:25

Health: -1/42      AC:  1    Str: 12 (13) XL:     6   Next: 56%
Magic:  0/10       EV: 13    Int: 13      God:
Gold:   178        SH:  0    Dex: 12 (13) Spells: 4/10 levels left

rFire   . . .      SeeInvis .     - Unarmed
rCold   . . .      Faith    .   (no shield)
rNeg    . . .      Spirit   +   (helmet restricted)
rPois   .          Reflect  .   h - amulet of guardian spirit
rElec   .          Harm     .   f - ring of wizardry
rCorr   .          Rampage  .   (no ring)
Will    .....                   (no ring)
Stlth   ++........              (no ring)
HPRegen 0.14/turn               (no ring)
MPRegen 0.12/turn               (no ring)
                                (no ring)
                                (no ring)

@: confused, mighty
A: almost no armour, amphibious, 8 rings, camouflage 1, gelatinous body 1,
(nimble swimmer 1), tentacles
a: no special abilities


You were on level 3 of the Dungeon.
You visited 1 branch of the dungeon, and saw 5 of its levels.

You collected 178 gold pieces.

Inventory:

Jewellery
 f - a ring of wizardry (left tentacle)
 h - an amulet of guardian spirit (around mantle)
Wands
 e - a wand of digging (3)
Scrolls
 a - a scroll of fog
 b - 2 scrolls of magic mapping
 c - a scroll of blinking {unknown}
 g - 3 scrolls of teleportation {unknown}
 i - 2 scrolls of noise {unknown}
 j - a scroll of identify {unknown}
 o - a scroll of enchant weapon {unknown}
Potions
 d - 3 potions of haste
 l - a potion of resistance {unknown}
 m - a potion of flight {unknown}
 n - a potion of attraction {unknown}


   Skills:
 - Level 3.6 Fighting
 - Level 2.8 Dodging
 - Level 7.1 Stealth
 - Level 3.0 Unarmed Combat
 * Level 2.9 Spellcasting
 * Level 3.1 Translocations


You had 4 spell levels left.
You knew the following spells:

 Your Spells              Type           Power      Damage    Failure   Level
a - Teleport Other        Tloc           10%        N/A       8%          3
b - Gell's Gravitas       Tloc           10%        N/A       8%          3

Your spell library contained the following spells:

 Spells                   Type           Power      Damage    Failure   Level
 Dispersal                Tloc           5%         N/A       98%         6
 Conjure Ball Lightning   Conj/Air       0%         3x3d6     100%        6
 Discord                  Hex            0%         N/A       100%        8
 Disjunction              Tloc           5%         N/A       100%        8


Dungeon Overview and Level Annotations

Branches:
Dungeon (5/15)
 Temple: D:4-7

Altars:
Okawaru


Innate Abilities, Weirdness & Mutations

You cannot wear most types of armour.
You are amphibious.
You can wear up to eight rings at the same time.
Your skin changes colour to match your surroundings (Stealth+).
Your rubbery body absorbs attacks. (AC +1, EV +1)
((You are camouflaged when in or above water. (Stealth+)))
You have tentacles for arms and can constrict up to eight enemies at once.


Message History

A magic dart appears from out of thin air!
The magic dart hits you!
The kobold throws a stone.
The stone hits you but does no damage.
Casting: Teleport Other (dangerous; 8% risk of failure)
Confirm with . or Enter, or press ? or * to list all spells.
You don't have enough magic to cast this spell.
Unknown command.
Something hits you.
The kobold throws a stone.
The stone barely misses you.
There is a stone staircase leading up here.
Something hits you.
You climb upwards.
Reactivating autopickup.
There is a stone staircase leading down, spattered with blood here.
Deactivating autopickup; reactivate with Ctrl-A.
You miss something. Your squeeze misses something. Something hits you.
* * * LOW HITPOINT WARNING * * *
You tentacle-slap something but do no damage.
Something hits you.
* * * LOW HITPOINT WARNING * * *
You tentacle-slap something but do no damage.
Your squeeze misses something. Something hits you.
* * * LOW HITPOINT WARNING * * *
Things that are here:
a +0 chain mail; a +2 vampiric war axe; an orc skeleton You barely miss something.
Something hits you.
* * * LOW HITPOINT WARNING * * *
You hear some strange, mumbled words.
You are confused.
You hear some strange, mumbled words.
A puff of flame appears from out of thin air!
The puff of flame hits you!
* * * LOW HITPOINT WARNING * * *
It was a potion of might.
You feel very mighty all of a sudden.
An orc wizard appears from thin air!
Reactivating autopickup.
The orc wizard hits you with a +0 dagger.
* * * LOW HITPOINT WARNING * * *
The orc wizard hits you with a +0 dagger.
You die...

...........#.#..................)
.......#.#.#.#...................
.......#...............#..[......
.[.....##....#...................
..................#....#.........
....##.#............##...........
.....#<#..............#..########
.#...............................
.#..............@......))........
##...............o.....[>........
#..................##...........
#.#####.######.....##...........
#.# #.........................
#.# ########.###..............
#.# #.# ####........... #.# #.#
#........... #.######## #.#
#...........


You could see an orc wizard.

Vanquished Creatures
  Sigmund (D:2)
  An iguana (D:5)
  2 orc wizards
  3 adders
  5 worms
  10 orcs
  2 endoplasms
  2 giant cockroaches (D:2)
  6 goblins
  8 hobgoblins
  3 jackals (D:1)
  2 quokkas
  6 ball pythons
  2 bats (D:1)
  4 kobolds
  2 rats (D:2)
59 creatures vanquished.

Notes
Turn   | Place    | Note
-------+----------+-------------------------------------------
     0 | D:5      | GabrielManson the Octopode Delver began the quest for the
                  | Orb.
     0 | D:5      | Reached XP level 1. HP: 16/16 MP: 1/1
    10 | D:5      | Noticed a hound
    21 | D:5      | Noticed a sky beast
    75 | D:5      | Reached XP level 2. HP: 21/21 MP: 2/2
   157 | D:5      | Reached skill level 7 in Stealth
   157 | D:5      | Reached XP level 3. HP: 19/26 MP: 3/3
   723 | D:3      | Found an iron altar of Okawaru.
   729 | D:3      | Reached XP level 4. HP: 12/31 MP: 1/4
  1822 | D:1      | Learned a level 3 spell: Teleport Other
  1854 | D:1      | Found a faded altar of an unknown god.
  2502 | D:2      | Reached skill level 1 in Spellcasting
  2502 | D:2      | Reached skill level 1 in Translocations
  2502 | D:2      | Reached XP level 5. HP: 20/36 MP: 2/6
  2688 | D:2      | Learned a level 3 spell: Gell's Gravitas
  2699 | D:2      | Noticed Sigmund
  2717 | D:2      | Killed Sigmund
  2718 | D:2      | Reached XP level 6. HP: 28/42 MP: 2/9
  3906 | D:3      | HP: 1/42 [orc wizard/+0 dagger (2)]
  3907 | D:3      | Slain by an orc wizard

Illustrated notes

Levels and vault maps discovered:
D:1:      heliophobic_arrival_dark_side_of_the_moon, layout_basic,
          hellmonk_ecumenical_altar_leap_of_faith
D:2:      layout_rooms, uniq_sigmund
D:3:      layout_basic, okawaru_ov_weapons_minmay, bh_walls_and_bars
D:4:      layout_cave_pools, grunt_dithmenos_smoke,
          minmay_temple_entry_stoned_glass
D:5:      layout_loops_ring, mainiacjoe_overflow_alcove_4

Skill      XL: |  1  2  3  4  5  6 |
---------------+-------------------+-----
Stealth        | 7 |  7.1
Unarmed Combat | 3 |  3.0
Spellcasting   | 1 2 |  2.9
Translocations | 1 2 3 |  3.1
Fighting       | |  3.6
Dodging        | |  2.8

Action                   |  1- 3 |  4- 6 || total
-------------------------+-------+-------++-------
Melee: Unarmed           |    27 |   122 ||   149
       Tentacles         |     8 |    26 ||    34
       Constrict         |     6 |    31 ||    37
       Punch             |     1 |     4 ||     5
 Cast: Gell's Gravitas   |       |     3 ||     3
       Teleport Other    |       |     3 ||     3
  Use: Potion            |       |     3 ||     3
       Scroll            |       |     1 ||     1
 Stab: Sleeping          |     4 |    14 ||    18
Armor: Skin              |     1 |     5 ||     6
Dodge: Dodged            |    12 |    74 ||    86

Table legend: (Time is in decaauts)
 A = Elapsed time spent in this place.
 B = Non-inter-level travel time spent in this place.
 C = Inter-level travel time spent in this place.
 D = Time resting spent in this place.
 E = Time spent auto-exploring this place.
 F = Levels seen in this place.
 G = Mean time per level.
                   A        B        C        D        E       F      G
               +--------+--------+--------+--------+--------+-----+--------+
         Total |   3912 |   3813 |     99 |   1305 |   1641 |   5 |  782.4 |
       Dungeon |   3912 |   3813 |     99 |   1305 |   1641 |   5 |  782.4 |
               +--------+--------+--------+--------+--------+-----+--------+

Top non-repeatable levels by time:
     D:3: 1633 daAuts
     D:2: 1104 daAuts
     D:1: 649 daAuts
     D:4: 284 daAuts
     D:5: 240 daAuts
